 Dungeon Crawl Stone Soup version 0.20-a0-303-g575bbf7 (webtiles) character file.

98 Havercy the Poker (level 4, 0/33 HPs)
             Began as a Demonspawn Gladiator on Dec 16, 2016.
             Succumbed to a kobold's poison
             ... on level 3 of the Dungeon.
             The game lasted 00:02:24 (1651 turns).

Havercy the Poker (Demonspawn Gladiator)            Turns: 1651, Time: 00:02:24

Health: 0/33       AC:  5    Str: 15 (16) XL:     4   Next: 43%
Magic:  4/4        EV: 25    Int: 11 (14) God:
Gold:   69         SH:  0    Dex: 19 (21) Spells: 3/3 levels left

rFire  . . .     SeeInvis .     a - +0 trident
rCold  . . .     Gourm    .     b - +0 leather armour
rNeg   . . .     Faith    .     (no shield)
rPois  .         Spirit   +     c - +0 helmet
rElec  .         Reflect  .     (no cloak)
rCorr  .         Harm     .     (no gloves)
MR     +....                    (no boots)
Stlth  ++........               k - amulet of guardian spirit
                                j - +6 ring of evasion
                                i - ring of protection from magic

@: brilliant, agile, lethally poisoned (0 -> -6)
A: talons 1, rugged brown scales 1, agile 1
a: no special abilities


You were on level 3 of the Dungeon.
You were not hungry.

You visited 1 branch of the dungeon, and saw 3 of its levels.

You collected 69 gold pieces.

Inventory:

Hand Weapons
 a - a +0 trident (weapon)
Missiles
 d - 3 throwing nets (quivered)
Armour
 b - a +0 leather armour (worn)
 c - a +0 helmet (worn)
Jewellery
 i - a ring of protection from magic (left hand)
 j - a +6 ring of evasion (right hand)
 k - an amulet of guardian spirit (around neck)
 p - a cursed ring of loudness {unknown}
Scrolls
 e - 2 scrolls of identify
 m - a scroll of immolation
 n - 2 scrolls of teleportation
 q - 2 scrolls of remove curse {unknown}
 t - a scroll of fear {unknown}
Potions
 s - a potion of agility
Comestibles
 f - a bread ration
 l - 3 meat rations


   Skills:
 + Level 2.2 Fighting
 * Level 4.0 Polearms
 - Level 1.8 Throwing
 + Level 0.8 Armour
 + Level 3.3 Dodging


You had 3 spell levels left.
You didn't know any spells.

Dungeon Overview and Level Annotations

Branches:
Dungeon (3/15)

Altars:
Makhleb
Sif Muna


Innate Abilities, Weirdness & Mutations

You have sharp toenails.
You are partially covered in rugged brown scales. (AC +1, +3% HP)
You are agile. (Dex +2)


Message History

Unknown command.
You hit the orc wizard but do no damage.
Your kick misses the orc wizard.
Your surroundings suddenly seem different.
Found 27 gold pieces.
A leopard gecko comes into view.
Unknown command.
Unknown command.
The helpless leopard gecko fails to defend itself.
You puncture the leopard gecko!
You kill the leopard gecko!
* * * LOW HITPOINT WARNING * * *
You feel sick.
* * * LOW HITPOINT WARNING * * *
You feel sick.
You see here a leopard gecko corpse.
Unknown command.
Found a bubbling white potion.
Unknown command.
You die...

...........
..!.......
..........
#.........
#.........
.........
#........
##@.......
#.........
#†.$......
#.........
#.$.......
#.........
##........
##......#
######


There were no monsters in sight!

Vanquished Creatures
  2 adders
  An ooze (D:2)
  4 dart slugs
  2 leopard geckos
  2 orcs (D:3)
  10 bats
  3 giant cockroaches
  8 goblins
  5 hobgoblins
  A jackal (D:2)
  8 kobolds
  A quokka (D:2)
  2 frilled lizards
  6 rats
55 creatures vanquished.

Notes
Turn   | Place    | Note
-------+----------+-------------------------------------------
     0 | D:1      | Havercy the Demonspawn Gladiator began the quest for the Orb.
     0 | D:1      | Reached XP level 1. HP: 16/16 MP: 1/1
    54 | D:1      | Gained mutation: You are partially covered in rugged brown scales. (AC +1, +3% HP) [demonic ancestry]
    54 | D:1      | Reached XP level 2. HP: 13/22 MP: 2/2
   257 | D:1      | Reached skill level 3 in Polearms
   522 | D:1      | Reached XP level 3. HP: 24/27 MP: 3/3
   905 | D:2      | Found a deep blue altar of Sif Muna.
  1077 | D:2      | Gained mutation: You have sharp toenails. [demonic ancestry]
  1077 | D:2      | Reached XP level 4. HP: 21/33 MP: 2/4
  1343 | D:2      | Found a burning altar of Makhleb.
  1621 | D:3      | Noticed a big kobold
  1622 | D:3      | Noticed a big kobold
  1636 | D:3      | Reached skill level 4 in Polearms
  1638 | D:3      | Gained mutation: You are agile. (Dex +2) [potion of beneficial mutation]
  1649 | D:3      | HP: 1/33 [poisoned by a kobold]
  1651 | D:3      | Succumbed to a kobold's poison

Vault maps used:
D:1:      dpeg_arrival_rooms_with_view
D:2:      lemuel_doored_altar, overflow_temple_1_default, minmay_pentomino_t4
D:3:      cheibrodos_thug_alley, eat_drink_and_be_merry_uskayaw,
          gammafunk_temple_overflow_pools

Skill      XL: |  1  2  3  4 |
---------------+-------------+-----
Dodging        | 3 |  3.3
Polearms       | 3 4 |  4.0
Fighting       | |  2.2
Throwing       | |  1.8
Armour         | |  0.8

Action                   |  1- 3 |  4- 6 || total
-------------------------+-------+-------++-------
Melee: Trident           |   167 |    48 ||   215
       Kick              |       |    11 ||    11
  Use: Potion            |       |     5 ||     5
       Scroll            |       |     3 ||     3
 Stab: Sleeping          |     1 |     3 ||     4
  Eat: Pizza             |       |     1 ||     1
       Chunk             |       |     1 ||     1
Armor: Leather armour    |    27 |     3 ||    30
Dodge: Dodged            |   156 |    52 ||   208
